 Dungeon Crawl Stone Soup version 0.21.1-1-g345015f (webtiles) character file.

70 letownia3 the Conjurer (level 4, 0/30 HPs)
             Began as a Demonspawn Wizard on Feb 5, 2018.
             Slain by a gnoll
             ... wielding a +1 flail of draining
              (2 damage)
             ... on level 4 of the Dungeon.
             The game lasted 00:04:15 (1221 turns).

letownia3 the Conjurer (Demonspawn Wizard)          Turns: 1221, Time: 00:04:16

Health: 0/30       AC:  5    Str:  9    XL:     4   Next: 4%
Magic:  2/8        EV: 11    Int: 19    God:
Gold:   51         SH:  0    Dex: 11    Spells: 2/9 levels left

rFire    . . .     SeeInvis .   e - +0 short sword
rCold    . . .     Gourm    .   (no shield)
rNeg     . . .     Faith    .   a - +0 robe
rPois    .         Spirit   .   b - +0 hat
rElec    .         Reflect  .   i - +0 cloak
rCorr    .         Harm     .   (no gloves)
MR       .....                  (no boots)
Stlth    ++........             (no amulet)
HPRegen  0.10/turn              (no ring)
MPRegen  0.11/turn              (no ring)

@: very slightly contaminated, drained
A: thin metallic scales 1, nightstalker 1
a: no special abilities


You were on level 4 of the Dungeon.
You were hungry.

You visited 1 branch of the dungeon, and saw 4 of its levels.

You collected 51 gold pieces.

Inventory:

Hand Weapons
 e - a +0 short sword (weapon)
Armour
 a - a +0 robe (worn)
 b - a +0 hat (worn)
 i - a +0 cloak (worn)
 j - a +0 cloak
Scrolls
 f - a scroll of immolation {unknown}
 g - a scroll of teleportation {unknown}
 h - a scroll of magic mapping {unknown}
Books
 c - a book of Minor Magic

   Spells                             Type                      Level
   a - Magic Dart                     Conjuration                  1
   b - Blink                          Translocation                2
   c - Call Imp                       Summoning                    2
   d - Slow                           Hexes                        2
   e - Conjure Flame                  Conjuration/Fire             3
   f - Mephitic Cloud                 Conjuration/Poison/Air       3
Comestibles
 d - 2 rations


   Skills:
 - Level 1.7(0.9) Dodging
 - Level 1.7(0.9) Stealth
 - Level 3.0(2.1) Spellcasting
 - Level 3.3(2.4) Conjurations
   Level 1.0(0.1) Summonings
   Level 0.8(0.0) Translocations
 + Level 0.7(0.0) Fire Magic
 + Level 0.7(0.0) Air Magic
 + Level 0.8(0.0) Poison Magic


You had 2 spell levels left.
You knew the following spells:

 Your Spells              Type           Power        Failure   Level  Hunger
a - Magic Dart            Conj           ##..         6%          1    #......
c - Conjure Flame         Conj/Fire      #.......     30%         3    ###....
e - Mephitic Cloud        Conj/Pois/Air  #.......     34%         3    ###....


Dungeon Overview and Level Annotations

Branches:
Dungeon (4/15)
 Temple: D:4-7

Altars:
Ashenzari
Fedhas


Innate Abilities, Weirdness & Mutations

You are partially covered in thin metallic scales. (AC +2)
You are slightly more attuned to the shadows.


Message History

You have reached level 4!
You feel stronger.
Your demonic ancestry asserts itself...
You slip into the darkness of the dungeon.
Unknown command.
Casting: Mephitic Cloud
Confirm with . or Enter, or press ? or * to list all spells.
Aiming: Mephitic Cloud
Press: ? - help, Shift-Dir - straight line, f/p - gnoll
Aim: a gnoll, wielding a flail of draining (moderately wounded)
You miscast Mephitic Cloud.
You feel sick.
You are feeling hungry.
The gnoll hits you with a flail of draining.
* * * LOW HITPOINT WARNING * * *
You feel drained.
Unknown command.
Unknown command.
The gnoll hits you with a flail of draining.
* * * LOW HITPOINT WARNING * * *
You feel drained.
You die...

.#..#####......#
......####....##
..............#
##
...####.......##
#.# #..#
####..#..###.#
##.##
###..###..#..#
#..###...##
##...#
##.......# ##g.#
##.#####.##
###@.# #.##
##)###..##.# #.#
#....)## #.#
#.## #.###.# ##
##.# ### #.# ###
###


You could see a gnoll.

Vanquished Creatures
  2 gnolls (D:4)
  2 adders (D:3)
  2 oozes (D:2)
  A dart slug (D:4)
  A leopard gecko (D:1)
  A giant cockroach (D:3)
  3 goblins
  A hobgoblin (D:3)
  A quokka (D:3)
  A ball python (D:3)
  2 frilled lizards
  5 kobolds
  5 rats
27 creatures vanquished.

Notes
Turn   | Place    | Note
-------+----------+-------------------------------------------
     0 | D:1      | letownia3 the Demonspawn Wizard began the quest for the Orb.
     0 | D:1      | Reached XP level 1. HP: 13/13 MP: 4/4
   238 | D:2      | Gained mutation: You are partially covered in thin metallic scales. (AC +2) [demonic ancestry]
   238 | D:2      | Reached XP level 2. HP: 19/19 MP: 3/6
   531 | D:2      | Found a shattered altar of Ashenzari.
   683 | D:3      | Reached XP level 3. HP: 23/24 MP: 0/7
   746 | D:3      | Learned a level 3 spell: Mephitic Cloud
   758 | D:3      | Learned a level 3 spell: Conjure Flame
   942 | D:4      | Found a blossoming altar of Fedhas.
  1195 | D:4      | Gained mutation: You are slightly more attuned to the shadows. [demonic ancestry]
  1195 | D:4      | Reached XP level 4. HP: 9/30 MP: 2/8
  1221 | D:4      | Slain by a gnoll

Skill      XL: |  1  2 |
---------------+-------+-----
Conjurations   | 2 3 |  3.3
Dodging        | |  1.7
Stealth        | |  1.7
Spellcasting   | |  3.0
Summonings     | |  1.0
Translocations | |  0.8
Fire Magic     | |  0.7
Air Magic      | |  0.7
Poison Magic   | |  0.8

Action                   |  1- 3 |  4- 6 || total
-------------------------+-------+-------++-------
Melee: Unarmed           |     8 |       ||     8
       Short sword       |    24 |       ||    24
 Cast: Magic Dart        |    62 |       ||    62
       Mephitic Cloud    |     5 |       ||     5
 Stab: Confused          |     4 |       ||     4
  Eat: Chunk             |     1 |       ||     1
Armor: Robe              |    15 |       ||    15
Dodge: Dodged            |    32 |       ||    32
